 Dungeon Crawl Stone Soup version 0.23-a0-655-g3751e1c (console) character file.

5 Duffy the Firebug (level 1, -1/13 HPs)
             Began as a Demonspawn Fire Elementalist on Jan 7, 2019.
             Slain by an adder (4 damage)
             ... on level 3 of the Dungeon.
             The game lasted 00:00:30 (233 turns).

Duffy the Firebug (Demonspawn Fire Elementalist)     Turns: 233, Time: 00:00:30

Health: -1/13      AC:  0    Str:  6 (8)  XL:     1   Next: 66%
Magic:  3/3        EV: 14    Int: 13 (16) God:
Gold:   1          SH:  0    Dex: 11 (13) Spells: 3/4 levels left

rFire    . . .     SeeInvis .   (weapon currently unavailable)
rCold    . . .     Gourm    .   (shield currently unavailable)
rNeg     . . .     Faith    .   (armour currently unavailable)
rPois    .         Spirit   .   (helmet currently unavailable)
rElec    .         Reflect  .   (cloak currently unavailable)
rCorr    .         Harm     .   (gloves currently unavailable)
MR       .....                  (boots currently unavailable)
Stlth    +.........             (no amulet)
HPRegen  0.04/turn              (ring currently unavailable)
MPRegen  0.08/turn              (ring currently unavailable)

@: lethally poisoned (-1 -> -5), pig-form, very slow
A: small
a: no special abilities


You were on level 3 of the Dungeon.
You were not hungry.
You were a filthy swine.
You visited 1 branch of the dungeon, and saw 3 of its levels.

You collected 1 gold pieces.

Inventory:

Armour
 a - a +0 robe (melded)
Comestibles
 c - 2 rations
 d - 2 chunks of flesh


   Skills:
 - Level 1.7 Dodging
 - Level 1.7 Stealth
 + Level 2.1 Spellcasting
 + Level 1.2 Conjurations
 + Level 2.8 Fire Magic


You had 3 spell levels left.
You knew the following spells:

 Your Spells              Type           Power        Failure   Level  Hunger
h - Flame Tongue          Conj/Fire      #....        11%         1    ##.....

Your spell library contained the following spells:

 Spells                   Type           Power        Failure   Level  Hunger
 Throw Flame              Conj/Fire      #.....       16%         2    ###....
 Conjure Flame            Conj/Fire      #.......     32%         3    ####...
 Inner Flame              Hex/Fire       #.......     38%         3    ####...
 Sticky Flame             Conj/Fire      #.......     71%         4    #####..
 Fireball                 Conj/Fire      #.........   96%         5    ######.


Dungeon Overview and Level Annotations

Branches:
Dungeon (3/15)

Altars:

Annotations:
D:2 Sigmund
D:3 ThereIsNoGod's ghost, amateur GnWn


Message History

You can't do that in your present form.
You can't do that in your present form.
You can't do that in your present form.
You feel sick.
Found a runed door.
You feel sick.
You open the door.
ThereIsNoGod's ghost (amateur Gnoll Wanderer) comes into view.
It is wielding a You feel sick.
ThereIsNoGod's ghost turns its malevolent gaze towards you.
An adder comes into view.
Found a dagger.
A rat comes into view.
The adder hisses angrily. x2
There is an open door here.
You enter the shallow water.
Moving in this stuff is going to be slow.
A worm comes into view.
The adder bites you.
You die...

#################
#######.......#~~~~~r~w
#?....<.####..ShWS~)~~~
####.#........#~S~~~~~~
#...################
##.## #. .. ..# ##.


You could see a worm, ThereIsNoGod's ghost, 3 adders and a rat.

Vanquished Creatures
  A dart slug (D:1)
  A bat (D:1)
  A frilled lizard (D:1)
  A kobold (D:1)
4 creatures vanquished.

Notes
Turn   | Place    | Note
-------+----------+-------------------------------------------
     0 | D:1      | Duffy the Demonspawn Fire Elementalist began the quest for
                  | the Orb.
     0 | D:1      | Reached XP level 1. HP: 13/13 MP: 3/3
   178 | D:1      | You fall through a shaft!
   193 | D:2      | Noticed Sigmund
   225 | D:3      | Found a runed door.
   231 | D:3      | Noticed ThereIsNoGod's ghost (amateur GnWn)
   233 | D:3      | Slain by an adder

Vault maps used:
D:1:      psy_arrival_fountain
D:2:      chequers_serial_rivers_small_b, nicolae_qazlal_general_emergency,
          uniq_sigmund
D:3:      gammafunk_wand_slinger, chequers_ecumenical_altar_lobes,
          ebering_ghost_sewer_f, grunt_ministairs_10,
          nemelex_lonely_heart_becter

Action                   || total
-------------------------++-------
 Cast: Flame Tongue      ||     7
  Use: Potion            ||     1
Armor: Robe              ||     4
Dodge: Dodged            ||     7

Table legend:
 A = Non-vault XP
 B = Vault XP
 C = Vault XP percentage of total XP
 D = Non-vault monster count
 E = Vault monster count
 F = Vault count percentage of total count
                 A         B        C        D         E       F
            +---------+---------+-------+---------+---------+-------
      Total |       8 |       0 |   0.0 |       4 |       0 |   0.0
            +---------+---------+-------+---------+---------+-------
        D:1 |       8 |       0 |   0.0 |       4 |       0 |   0.0
            +---------+---------+-------+---------+---------+-------
